MID
LAKE COUNTY CAPTAINS @ CHARLESTON RIVERDOGS
07/24/2045
 
TOP OF THE 1ST
Lake County Captains batting - Pitching for Charleston RiverDogs : LHP Omar Quinones
Pitching: LHP Omar Quinones
Batting: SHB Arturo Baez 0-0: Ball
1-0: Called Strike
1-1: Foul Ball, location: 2F
1-2: Ball
2-2: DOUBLE (Line Drive, 89D, EV 106.2 MPH)
Batting: RHB Kenzo Shinoda 0-0: Swinging Strike
0-1: Called Strike
0-2: Foul Ball, location: 2F
0-2: Ball
1-2: Ball
2-2: Ground out 5-3 (Groundball, 5, EV 81.2 MPH)
Batting: LHB Costodio Varino 0-0: DOUBLE (Flyball, 78XD, EV 102.5 MPH)
Arturo Baez scores
Batting: LHB Yasuo Igarashi 0-0: Called Strike
0-1: Ball
Wild Pitch!
Costodio Varino to third
1-1: Swinging Strike
1-2: Strikes out swinging
Batting: RHB Leo Roman 0-0: Ball
1-0: Ball
2-0: Foul Ball, location: 2F
2-1: Ball
3-1: Foul Ball, location: 2F
3-2: Base on Balls
Batting: LHB Nate Trahan 0-0: Ball
1-0: Foul Ball, location: 2F
1-1: Ball
2-1: Foul Ball, location: 2F
2-2: Ball
3-2: Foul Ball, location: 2F
3-2: Ground out 4-3 (Groundball, 4, EV 85.6 MPH)
Top of the 1st over - 1 run, 2 hits, 0 errors, 2 left on base; Lake County 1 - Charleston 0
BOTTOM OF THE 1ST
Charleston RiverDogs batting - Pitching for Lake County Captains : RHP Marcus Cox
Pitching: RHP Marcus Cox
Batting: RHB Devon Utley 0-0: Ball
1-0: Ball
2-0: Foul Ball, location: 2F
2-1: Ball
3-1: Base on Balls
Batting: LHB Jose Lebron 0-0: Ball
1-0: Called Strike
1-1: Ball
2-1: Fielders Choice at 2nd, 3-6 (Groundball, 3, EV 103.1 MPH)
Batting: RHB Christian Shearer 0-0: Called Strike
0-1: Ball
1-1: Called Strike
1-2: Ball
2-2: Ball
3-2: Foul Ball, location: 2F
3-2: Foul Ball, location: 2F
3-2: SINGLE (Groundball, 34D, EV 99.4 MPH)
Jose Lebron to second
Runner from 2nd tries for 3rd, SAFE, throw by RF made to third
Batting: LHB Alexis Montoya 0-0: Ball
1-0: Called Strike
1-1: Swinging Strike
1-2: Ball
2-2: Foul Ball, location: 2F
2-2: Ball
3-2: Strikes out swinging
Batting: RHB Tim Osborn 0-0: Called Strike
0-1: Foul Ball, location: 2F
0-2: Strikes out swinging
Bottom of the 1st over - 0 runs, 1 hit, 0 errors, 2 left on base; Lake County 1 - Charleston 0
TOP OF THE 2ND
Lake County Captains batting - Pitching for Charleston RiverDogs : LHP Omar Quinones
Batting: RHB Steve Gusman 0-0: Ball
1-0: Ground out 6-3 (Groundball, 6, EV 86.2 MPH)
Batting: RHB Antonio Gamez 0-0: Called Strike
0-1: Foul Ball, location: 2F
0-2: Ball
1-2: Ball
2-2: DOUBLE (Groundball, 5L, EV 104.4 MPH)
Batting: RHB Ricky Lule 0-0: SINGLE (Line Drive, 7S, EV 88.1 MPH)
Antonio Gamez to third
Runner from 3rd tries for Home, SAFE, throw by LF to home
Batting: SHB Arturo Baez 0-0: Ball
1-0: Foul Ball, location: 2F
1-1: Called Strike
1-2: Ball
2-2: Ball
3-2: Strikes out swinging
Batting: RHB Kenzo Shinoda 0-0: Ball
1-0: Fly out, F8 (Line Drive, 8LM, EV 96.9 MPH)
Top of the 2nd over - 1 run, 2 hits, 0 errors, 1 left on base; Lake County 2 - Charleston 0
BOTTOM OF THE 2ND
Charleston RiverDogs batting - Pitching for Lake County Captains : RHP Marcus Cox
Batting: SHB Edwin Dominguez 0-0: Foul Ball, location: 2F
0-1: DOUBLE (Line Drive, 5D, EV 106.2 MPH)
Batting: RHB Roberto Tena 0-0: Called Strike
0-1: Called Strike
0-2: Strikes out swinging
Batting: RHB Antonio Castillo 0-0: Ground out U3 (Groundball, 3, EV 99.4 MPH)
Edwin Dominguez to third
Batting: RHB John Sprenkel 0-0: Called Strike
0-1: Ground out 6-3 (Groundball, 6, EV 100.6 MPH)
Bottom of the 2nd over - 0 runs, 1 hit, 0 errors, 1 left on base; Lake County 2 - Charleston 0
TOP OF THE 3RD
Lake County Captains batting - Pitching for Charleston RiverDogs : LHP Omar Quinones
Batting: LHB Costodio Varino 0-0: Called Strike
0-1: Foul Ball, location: 2F
0-2: Foul Ball, location: 2F
0-2: Ball
1-2: Foul Ball, location: 2F
1-2: Strikes out looking
Batting: LHB Yasuo Igarashi 0-0: Ball
1-0: Foul Ball, location: 2F
1-1: SINGLE (Line Drive, 3D, EV 107.5 MPH)
Batting: RHB Leo Roman 0-0: Foul Ball, location: 2F
0-1: Ball
1-1: Ball
2-1: Called Strike
Yasuo Igarashi steals 2nd base (no throw)
2-2: Ball
3-2: Fly out, F8 (Flyball, 8LM, EV 88.1 MPH)
Batting: LHB Nate Trahan 0-0: Called Strike
0-1: Ball
1-1: Called Strike
1-2: Ground out 3-1 (Groundball, 34, EV 80.6 MPH)
Top of the 3rd over - 0 runs, 1 hit, 0 errors, 1 left on base; Lake County 2 - Charleston 0
BOTTOM OF THE 3RD
Charleston RiverDogs batting - Pitching for Lake County Captains : RHP Marcus Cox
Batting: RHB Devon Utley 0-0: Ball
1-0: Ground out 5-3 (Groundball, 5L, EV 91.2 MPH)
Batting: LHB Jose Lebron 0-0: Swinging Strike
0-1: Ball
1-1: SOLO HOME RUN (Flyball, 89XD, EV 105.6 MPH), Distance : 431 ft
Batting: RHB Christian Shearer 0-0: Ball
1-0: Ball
2-0: Foul Ball, location: 2F
2-1: Foul Ball, location: 2F
2-2: Ground out 6-3 (Groundball, 6M, EV 87.5 MPH)
Batting: LHB Alexis Montoya 0-0: Ball
1-0: Called Strike
1-1: Foul Ball, location: 2F
1-2: SINGLE (Line Drive, 4MD, EV 96.2 MPH)
Batting: RHB Tim Osborn 0-0: Fly out, F7 (Flyball, 7LM, EV 89.4 MPH)
Bottom of the 3rd over - 1 run, 2 hits, 0 errors, 1 left on base; Lake County 2 - Charleston 1
TOP OF THE 4TH
Lake County Captains batting - Pitching for Charleston RiverDogs : LHP Omar Quinones
Batting: RHB Steve Gusman 0-0: Ground out 3-1 (Groundball, 34S, EV 83.8 MPH)
Batting: RHB Antonio Gamez 0-0: Ground out 6-3 (Groundball, 6M, EV 90.6 MPH)
Batting: RHB Ricky Lule 0-0: Ball
1-0: Called Strike
1-1: Swinging Strike
1-2: Ball
2-2: Strikes out swinging
Top of the 4th over - 0 runs, 0 hits, 0 errors, 0 left on base; Lake County 2 - Charleston 1
BOTTOM OF THE 4TH
Charleston RiverDogs batting - Pitching for Lake County Captains : RHP Marcus Cox
Batting: SHB Edwin Dominguez 0-0: Called Strike
0-1: Swinging Strike
0-2: SINGLE (Groundball, 3D, EV 99.4 MPH)
Batting: RHB Roberto Tena 0-0: SINGLE (Groundball, 23, EV 73.1 MPH) (infield hit)
Edwin Dominguez to second
Batting: RHB Antonio Castillo 0-0: Called Strike
0-1: Grounds into double play, 5-4-3 (Groundball, 56S, EV 80.6 MPH)
Edwin Dominguez to third
Batting: RHB John Sprenkel 0-0: Ball
1-0: Swinging Strike
1-1: Ball
2-1: Ball
3-1: Called Strike
3-2: Strikes out looking
Bottom of the 4th over - 0 runs, 2 hits, 0 errors, 1 left on base; Lake County 2 - Charleston 1
TOP OF THE 5TH
Lake County Captains batting - Pitching for Charleston RiverDogs : LHP Omar Quinones
Batting: SHB Arturo Baez 0-0: Called Strike
0-1: Fly out, F8 (Flyball, 8RS, EV 91.2 MPH)
Batting: RHB Kenzo Shinoda 0-0: SINGLE (Groundball, 56S, EV 63.1 MPH) (infield hit)
Batting: LHB Costodio Varino 0-0: Ball
Kenzo Shinoda is caught stealing 2nd base 2-6
1-0: Foul Ball, location: 2F
1-1: Ball
2-1: SINGLE (Groundball, 56D, EV 106.9 MPH)
Batting: LHB Yasuo Igarashi 0-0: SINGLE (Groundball, 23, EV 68.8 MPH) (infield hit)
Costodio Varino to second
Batting: RHB Leo Roman 0-0: Foul Ball, location: 2F
0-1: Ground out 6-3 (Groundball, 6S, EV 83.1 MPH)
Top of the 5th over - 0 runs, 3 hits, 0 errors, 2 left on base; Lake County 2 - Charleston 1
BOTTOM OF THE 5TH
Charleston RiverDogs batting - Pitching for Lake County Captains : RHP Marcus Cox
Batting: RHB Devon Utley 0-0: Foul Ball, location: 2F
0-1: Ball
1-1: Ball
2-1: Foul Ball, location: 2F
2-2: Ball
3-2: Foul Ball, location: 2F
3-2: Base on Balls
Batting: LHB Jose Lebron 0-0: Ball
Devon Utley steals 2nd base
1-0: Ball
2-0: Ball
3-0: Called Strike
3-1: DOUBLE (Line Drive, 5D, EV 97.5 MPH)
Devon Utley scores
Batting: RHB Christian Shearer 0-0: Ball
1-0: Ground out 5-3 (Groundball, 56, EV 102.5 MPH)
Batting: LHB Alexis Montoya 0-0: Ball
1-0: Ball
2-0: Ball
3-0: Called Strike
3-1: Foul Ball, location: 2F
3-2: Base on Balls
Batting: RHB Tim Osborn 0-0: Ball
1-0: Ball
2-0: Fielders Choice at 2nd, 2-4 (Groundball, 2L, EV 70.0 MPH)
Jose Lebron to third
Batting: SHB Edwin Dominguez 0-0: Ball
1-0: Ground out U3 (Groundball, 34, EV 85.6 MPH)
Bottom of the 5th over - 1 run, 1 hit, 0 errors, 2 left on base; Lake County 2 - Charleston 2
TOP OF THE 6TH
Lake County Captains batting - Pitching for Charleston RiverDogs : LHP Omar Quinones
Pitching: RHP Jake Visconti
Batting: LHB Nate Trahan 0-0: Ball
1-0: Called Strike
1-1: Foul Ball, location: 2F
1-2: Foul Ball, location: 2F
1-2: Ground out U3 (Groundball, 3, EV 80.0 MPH)
Batting: RHB Steve Gusman 0-0: Called Strike
0-1: Called Strike
0-2: Strikes out looking
Batting: RHB Antonio Gamez 0-0: Foul Ball, location: 2F
0-1: Ground out 4-3 (Groundball, 34D, EV 88.8 MPH)
Top of the 6th over - 0 runs, 0 hits, 0 errors, 0 left on base; Lake County 2 - Charleston 2
BOTTOM OF THE 6TH
Charleston RiverDogs batting - Pitching for Lake County Captains : RHP Marcus Cox
Pitching: RHP Brent Demby
Batting: RHB Roberto Tena 0-0: Ball
1-0: Called Strike
1-1: SINGLE (Groundball, 56, EV 105.6 MPH)
Batting: RHB Antonio Castillo 0-0: Ball
Roberto Tena is caught stealing 2nd base 2-4
1-0: Foul Ball, location: 2F
1-1: Ball
2-1: Swinging Strike
2-2: Strikes out swinging
Batting: RHB John Sprenkel 0-0: Ball
1-0: Reached on error, E4 (Groundball, 4, EV 111.9 MPH)
Batting: RHB Devon Utley 0-0: Ball
1-0: Called Strike
1-1: Fielders Choice at 2nd, 5-4 (Groundball, 56, EV 108.8 MPH)
Bottom of the 6th over - 0 runs, 1 hit, 1 error, 1 left on base; Lake County 2 - Charleston 2
TOP OF THE 7TH
Lake County Captains batting - Pitching for Charleston RiverDogs : RHP Jake Visconti
Batting: RHB Ricky Lule 0-0: Ball
1-0: Fly out, F9 (Line Drive, 9, EV 94.4 MPH)
Batting: SHB Arturo Baez 0-0: Ball
1-0: Called Strike
1-1: Foul Ball, location: 2F
1-2: Ball
2-2: Fly out, F5 (Popup, 5SF, EV 76.2 MPH)
Batting: RHB Kenzo Shinoda 0-0: Foul Ball, location: 2F
0-1: Ball
1-1: Ball
2-1: Ball
3-1: Base on Balls
Batting: LHB Costodio Varino
Pitching: LHP Fernando Mendoza 0-0: Ball
1-0: Ball
2-0: Called Strike
2-1: Foul Ball, location: 2F
2-2: Strikes out swinging
Top of the 7th over - 0 runs, 0 hits, 0 errors, 1 left on base; Lake County 2 - Charleston 2
BOTTOM OF THE 7TH
Charleston RiverDogs batting - Pitching for Lake County Captains : RHP Brent Demby
Pitching: RHP Mario del Rio
Batting: LHB Jose Lebron 0-0: Called Strike
0-1: Foul Ball, location: 2F
0-2: Foul Ball, location: 2F
0-2: Ball
1-2: Strikes out swinging
Batting: RHB Christian Shearer 0-0: Ball
1-0: Foul Ball, location: 2F
1-1: Foul Ball, location: 2F
1-2: Ball
2-2: Foul Ball, location: 2F
2-2: Ground out 3-1 (Groundball, 34S, EV 77.5 MPH)
Batting: LHB Alexis Montoya 0-0: Ball
1-0: Ball
2-0: Called Strike
2-1: Called Strike
2-2: Strikes out looking
Bottom of the 7th over - 0 runs, 0 hits, 0 errors, 0 left on base; Lake County 2 - Charleston 2
TOP OF THE 8TH
Lake County Captains batting - Pitching for Charleston RiverDogs : LHP Fernando Mendoza
Pitching: LHP Mike Stewart
Pinch Hitting: RHB Carlos Abrego 0-0: Called Strike
0-1: Ground out U3 (Groundball, 34, EV 96.9 MPH)
Batting: RHB Leo Roman 0-0: Called Strike
0-1: Fly out, F9 (Line Drive, 9, EV 91.2 MPH)
Batting: SHB Travis Burnett 0-0: Ball
1-0: Fly out, F7 (Flyball, 78XD, EV 105.6 MPH)
Top of the 8th over - 0 runs, 0 hits, 0 errors, 0 left on base; Lake County 2 - Charleston 2
BOTTOM OF THE 8TH
Charleston RiverDogs batting - Pitching for Lake County Captains : RHP Mario del Rio
Pitching: LHP J.J. Adkins
Now at 2B: Ricky Lule
Now at 3B: Carlos Abrego
Batting: RHB Tim Osborn 0-0: Ground out 5-3 (Groundball, 56, EV 100.0 MPH)
Batting: SHB Edwin Dominguez 0-0: Ball
1-0: Called Strike
1-1: Called Strike
1-2: Strikes out swinging
Batting: RHB Roberto Tena 0-0: Foul Ball, location: 2F
0-1: Swinging Strike
0-2: Ball
1-2: Ball
2-2: Strikes out swinging
Bottom of the 8th over - 0 runs, 0 hits, 0 errors, 0 left on base; Lake County 2 - Charleston 2
TOP OF THE 9TH
Lake County Captains batting - Pitching for Charleston RiverDogs : LHP Mike Stewart
Pitching: RHP Jimmy Williams
Batting: RHB Steve Gusman 0-0: Ground out 5-3 (Groundball, 56S, EV 86.9 MPH)
Batting: RHB Antonio Gamez 0-0: Ball
1-0: Foul Ball, location: 2F
1-1: Called Strike
1-2: Fly out, F6 (Line Drive, 6, EV 71.9 MPH)
Batting: RHB Ricky Lule 0-0: Ball
1-0: Fly out, F5 (Line Drive, 5, EV 67.5 MPH)
Top of the 9th over - 0 runs, 0 hits, 0 errors, 0 left on base; Lake County 2 - Charleston 2
BOTTOM OF THE 9TH
Charleston RiverDogs batting - Pitching for Lake County Captains : LHP J.J. Adkins
Batting: RHB Antonio Castillo 0-0: Ball
1-0: Foul Ball, location: 2F
1-1: Foul Ball, location: 2F
1-2: Ball
2-2: Foul Ball, location: 2F
2-2: Strikes out swinging
Batting: RHB John Sprenkel 0-0: Called Strike
0-1: Foul Ball, location: 2F
0-2: Ball
1-2: Ball
2-2: SINGLE (Line Drive, 4MD, EV 98.1 MPH)
Batting: RHB Devon Utley 0-0: Ball
1-0: Foul Ball, location: 2F
1-1: Ball
2-1: DOUBLE (Groundball, 5L, EV 106.2 MPH)
John Sprenkel to third
Runner from 3rd tries for Home, SAFE, throw by LF to home
Bottom of the 9th over - 1 run, 2 hits, 0 errors, 0 left on base; Lake County 2 - Charleston 3
Game Over ... Charleston defeats Lake County, 3 to 2
Wednesday, June 22nd , 2022 - OOTP Baseball 23.4 Build 64